 Dungeon Crawl Stone Soup version 0.19-a0-739-gf2af308 (webtiles) character file.

16381 Aksej the Cruncher (level 12, 0/89 HPs)
             Began as a Demonspawn Gladiator on June 23, 2016.
             Was the Champion of Cheibriados.
             Slain by a freezing wraith (18 damage)
             ... led by a death knight
             ... on level 13 of the Dungeon.
             The game lasted 00:30:22 (13668 turns).

Aksej the Cruncher (Demonspawn Gladiator)          Turns: 13668, Time: 00:30:24

Health: 0/89       AC: 18    Str: 31    XL:     12   Next: 9%
Magic:  13/13      EV: 29    Int: 27    God:    Cheibriados [******]
Gold:   754        SH:  0    Dex: 40    Spells: 1 memorised, 4 levels left

rFire  + + .     SeeInvis +     a - +3 quarterstaff
rCold  . . .     Gourm    .     n - +2 leather armour
rNeg   + . .     Faith    .     (shield currently unavailable)
rPois  .         Spirit   .     c - +2 helmet
rElec  +         Dismiss  +     o - +2 cloak
rCorr  .         Reflect  .     (no gloves)
SustAt +         Harm     .     x - +1 pair of boots
MR     .....                    L - amulet of dismissal
Stlth  +++++.....               G - ring of see invisible
                                i - ring of Nyblam {SustAt rN+}

@: agile, about to teleport, very slightly contaminated, very slow, not
resistant to hostile enchantments, quite stealthy
A: talons 1, thin metallic scales 3, agile 1, blink, clever 1, deterioration 1,
fire resistance 2, spiny 2, flame cloud immunity
a: Blink, Bend Time, Temporal Distortion, Slouch, Step From Time, Renounce
Religion


You were on level 13 of the Dungeon.
You worshipped Cheibriados.
Cheibriados was exalted by your worship.
You were full.

You visited 2 branches of the dungeon, and saw 14 of its levels.
You also visited: Sewer.

You collected 754 gold pieces.

Inventory:

Hand Weapons
 a - a +3 quarterstaff (weapon)
 b - the +7 war axe "Dohugo" {flame, rElec rN+ MR+ Stlth+}
   (You found it on level 8 of the Dungeon)

   It has been specially enchanted to burn those struck by it, causing extra
   injury to most foes and up to half again as much damage against particularly
   susceptible opponents.
   Big, fiery blades are also staple armaments of hydra-hunters.
   It insulates you from electricity.
   It protects you from negative energy.
   It affects your resistance to hostile enchantments.
   It makes you more stealthy.
Missiles
 d - 2 throwing nets (quivered)
 B - 5 javelins of penetration
 D - 2 javelins
Armour
 c - a +2 helmet (worn)
 n - a +2 leather armour (worn)
 o - a +2 cloak (worn)
 t - a +0 buckler
 x - a +1 pair of boots (worn)
Jewellery
 i - the ring of Nyblam (left hand) {SustAt rN+}
   (You found it on level 4 of the Dungeon)

   [ring of sustain attributes]

   It sustains your strength, intelligence and dexterity.
   It protects you from negative energy.
 F - an uncursed ring of flight
 G - a ring of see invisible (right hand)
 H - an uncursed ring of poison resistance
 L - an amulet of dismissal (around neck)
Wands
 w - a wand of acid (11/15)
 y - a wand of iceblast (2/15)
 z - a wand of polymorph (12/24)
 A - a wand of lightning (4/15)
 E - a wand of confusion (24/48)
 J - a wand of flame (12/48)
Scrolls
 e - 5 scrolls of recharging
 g - a scroll of blinking
 p - 4 scrolls of remove curse
 q - 4 scrolls of teleportation
 s - 4 scrolls of amnesia
 u - a scroll of identify
 v - 2 scrolls of magic mapping
Potions
 h - 4 potions of agility
 r - 4 potions of resistance
 C - a potion of flight
Books
 K - a book of the Tempests

   Spells                             Type                      Level
   a - Static Discharge               Conjuration/Air              3
   b - Lightning Bolt                 Conjuration/Air              5
   c - Fireball                       Conjuration/Fire             5
   d - Tornado                        Air                          9
   e - Shatter                        Earth                        9
Comestibles
 f - 12 bread rations
 j - 2 slices of pizza
 k - 3 royal jellies
 l - a beef jerky
 m - 3 meat rations
 I - 4 chunks of flesh


   Skills:
 + Level 6.7 Fighting
 * Level 4.2 Axes
 * Level 11.1 Staves
 + Level 2.0 Throwing
 + Level 4.3 Armour
 + Level 8.7 Dodging
 + Level 5.5 Stealth
 * Level 6.7 Shields
 * Level 1.0 Spellcasting
 * Level 0.3 Earth Magic


You had 4 spell levels left.
You knew the following spells:

 Your Spells              Type           Power        Failure   Level  Hunger
a - Shatter               Erth           #.........   100%        9    #######


Dungeon Overview and Level Annotations

Branches:
Dungeon (13/15)            Temple (1/1) D:6            Lair (0/6) D:9
    Orc (0/2) D:11
 Vaults: D:13-14

Altars:
Ashenzari
Cheibriados
Dithmenos
Elyvilon
Fedhas
Gozag
Hepliaklqana
Kikubaaqudgha
Makhleb
Nemelex Xobeh
Okawaru
Pakellas
Qazlal
Ru
Sif Muna
Trog
Uskayaw
Vehumet
Xom
Yredelemnul
Zin
The Shining One

Shops:
D:5 %


Innate Abilities, Weirdness & Mutations

You have sharp toenails.
You are completely covered in thin metallic scales. (AC +4, rElec)
Your flesh is very heat resistant. (rF++)
You are mostly covered in sharp spines.
You are immune to clouds of flame.
You are agile. (Dex +2)
You can translocate small distances at will.
Your mind is acute. (Int +2)
Your body sometimes deteriorates upon taking damage.


Message History

The freezing wraith hits you!
* * * LOW HITPOINT WARNING * * *
Your amulet of dismissal vibrates suddenly!
The freezing wraith drains your vigour!
You feel yourself slow down.
The freezing wraith disappears!
You fail to use your ability.
The death knight barely misses you.
Blink to where?
Press: ? - help, Dir - move target cursor You are very lightly contaminated with residual magic.
As you read the scroll of blinking, it crumbles to dust.
Found a glowing ring mail.
As you read the scroll of teleportation, it crumbles to dust.
You feel strangely unstable.
You feel yourself speed up.
The freezing wraith completely misses you. x2
The death knight is struck by your spines.
The death knight misses you. The freezing wraith hits you.
* * * LOW HITPOINT WARNING * * *
The freezing wraith freezes you!!
You die...

......# #......# ......#
#.#....#
.#....###+##.#....#
.#...........#....#
.............#....##+#
.............#.......
.........##..#.....#
...##..............#
..<............p@W.##..
..................[.....
########################


You could see a death knight and a freezing wraith.

Vanquished Creatures
  A wizard (D:11)
  The ghost of Ordine the Martial Artist, a novice OpMo of Cheibriados (D:7)
  A phantasmal warrior (D:13)
  3 hill giants
  2 deep elf magi
  2 ugly things
  2 cyclopes
  Joseph (D:10)
  Psyche (D:11)
  A centaur skeleton (D:13)
  A freezing wraith (D:13)
  2 trolls
  A two-headed ogre (D:12)
  A spriggan (D:8)
  2 wyverns
  A wraith (D:13)
  A shadow (D:11)
  9 yaks
  2 hippogriffs
  The ghost of Aksej the Grave Robber, an amateur DsNe (D:4)
  A soldier ant (D:11)
  Edmund (D:6)
  2 hell hounds (D:9)
  2 water moccasins
  4 orc warriors
  2 ice beasts (D:7)
  5 phantoms
  A black bear (D:10)
  A necrophage (D:12)
  4 sky beasts
  9 ogres
  A wolf (D:12)
  7 centaurs
  7 giant frogs
  A wyvern skeleton (D:8)
  3 scorpions
  7 killer bees (D:7)
  7 wights
  6 howler monkeys
  6 crimson imps
  6 jellies
  4 hounds
  7 orc priests
  3 giant frog skeletons
  7 orc wizards
  Terence (D:3)
  5 iguanas
  Natasha (twice) (D:2)
  11 worker ants
  A worker ant zombie (D:9)
  3 gnolls (D:3)
  23 adders
  3 shadow imps
  An adder skeleton (D:3)
  An adder zombie (D:7)
  6 worms
  3 dart slugs
  16 giant geckos
  51 orcs
  6 ball pythons
  11 bats
  19 giant cockroaches
  8 goblins
  6 hobgoblins
  9 jackals
  6 quokkas
  2 giant gecko skeletons
  A giant gecko zombie (D:5)
  7 giant newts
  13 kobolds
  2 quokka skeletons
  7 rats
  A bush (D:3)
  A plant (D:3)
366 creatures vanquished.

Vanquished Creatures (others)
  An ice beast (D:5)
1 creature vanquished.

Grand Total: 367 creatures vanquished

Notes
Turn   | Place    | Note
--------------------------------------------------------------
     0 | D:1      | Aksej the Demonspawn Gladiator began the quest for the Orb.
     0 | D:1      | Reached XP level 1. HP: 16/16 MP: 1/1
   149 | D:1      | Gained mutation: Your flesh is heat resistant. (rF+) [demonic ancestry]
   149 | D:1      | Reached XP level 2. HP: 17/22 MP: 2/2
   542 | D:1      | Reached skill level 3 in Staves
   978 | D:1      | Gained mutation: You are partially covered in thin metallic scales. (AC +2) [demonic ancestry]
   978 | D:1      | Reached XP level 3. HP: 25/27 MP: 3/3
  1174 | D:2      | You fall through a shaft for 2 floors!
  1178 | D:4      | Got a twitching lapis lazuli ring
  1184 | D:4      | Identified the ring of Nyblam {SustAt rN+} (You found it on level 4 of the Dungeon)
  1193 | D:4      | Noticed Aksej's ghost (amateur DsNe)
  1316 | D:4      | Found a glowing drain.
  1338 | Sewer    | Entered a sewer
  1478 | Sewer    | Reached XP level 4. HP: 34/34 MP: 4/4
  1688 | Sewer    | Reached skill level 1 in Armour
  1761 | Sewer    | Noticed a giant frog
  1761 | Sewer    | Noticed a giant frog
  1769 | Sewer    | Killed a giant frog
  1769 | Sewer    | Reached XP level 5. HP: 29/39 MP: 5/5
  1773 | Sewer    | Reached skill level 4 in Staves
  1773 | Sewer    | Reached skill level 1 in Stealth
  2090 | D:4      | Gained mutation: You are partially covered in sharp spines. [demonic ancestry]
  2090 | D:4      | Reached XP level 6. HP: 21/46 MP: 6/6
  2330 | D:3      | Found a stormy altar of Qazlal.
  2699 | D:2      | Found a shattered altar of Ashenzari.
  2824 | D:2      | Noticed Natasha
  2829 | D:2      | Killed Natasha
  2970 | D:2      | Noticed Natasha
  3372 | D:2      | Killed Natasha
  3500 | D:3      | Found a sacrificial altar of Ru.
  3541 | D:3      | Reached skill level 1 in Shields
  3597 | D:3      | Noticed Terence
  3606 | D:3      | Killed Terence
  4149 | D:3      | Gained mutation: You have sharp toenails. [demonic ancestry]
  4149 | D:3      | Reached XP level 7. HP: 52/52 MP: 7/7
  4417 | D:4      | Killed Aksej's ghost
  4417 | D:4      | Reached skill level 5 in Staves
  5031 | D:5      | Entered Level 5 of the Dungeon
  5039 | D:5      | Found a shimmering altar of Xom.
  5042 | D:5      | Noticed an angel
  5046 | D:5      | Found a glowing silver altar of Zin.
  5068 | D:5      | Reached skill level 5 in Dodging
  5214 | D:5      | Gained mutation: You are mostly covered in thin metallic scales. (AC +3) [demonic ancestry]
  5214 | D:5      | Reached XP level 8. HP: 58/58 MP: 8/8
  5461 | D:5      | Reached skill level 6 in Staves
  5642 | D:5      | Found a burning altar of Makhleb.
  6312 | D:5      | Found Bymi's Food Emporium.
  6335 | D:5      | Gained mutation: Your body sometimes deteriorates upon taking damage. [potion of mutation]
  6335 | D:5      | Gained mutation: Your flesh is cold resistant. (rC+) [potion of mutation]
  6335 | D:5      | Gained mutation: Your natural rate of healing is unusually fast. [potion of mutation]
  6336 | D:5      | Gained mutation: You can translocate small distances at will. [potion of beneficial mutation]
  6406 | D:6      | Noticed Edmund
  6419 | D:6      | Killed Edmund
  6656 | D:6      | Reached skill level 7 in Staves
  6687 | D:6      | Found a hazy altar of Hepliaklqana.
  6725 | D:6      | Gained mutation: You are completely covered in thin metallic scales. (AC +4, rElec) [demonic ancestry]
  6725 | D:6      | Reached XP level 9. HP: 53/65 MP: 9/9
  6782 | D:6      | Found a staircase to the Ecumenical Temple.
  6790 | Temple   | Entered the Ecumenical Temple
  7049 | Temple   | Became a worshipper of Cheibriados the Contemplative
  7082 | D:6      | Found a glowing golden altar of the Shining One.
  7798 | D:7      | Found an iron altar of Okawaru.
  7830 | D:7      | Reached * piety under Cheibriados
  7927 | D:7      | Noticed Ordine's ghost (novice OpMo)
  7939 | D:7      | Killed Ordine's ghost
  7939 | D:7      | Reached skill level 8 in Staves
  8048 | D:7      | Reached ** piety under Cheibriados
  8198 | D:7      | Reached skill level 5 in Fighting
  8282 | D:7      | Noticed a troll
  8292 | D:7      | Killed a troll
  8292 | D:7      | Gained mutation: You are mostly covered in sharp spines. [demonic ancestry]
  8292 | D:7      | Reached XP level 10. HP: 39/74 MP: 10/10
  8748 | D:8      | Reached *** piety under Cheibriados
  8777 | D:8      | Lost mutation: Your natural rate of healing is unusually fast. [mutagenic meat]
  8778 | D:8      | Gained mutation: Your flesh is very heat resistant. (rF++) [mutagenic meat]
  8779 | D:8      | Gained mutation: Your mind is acute. (Int +2) [mutagenic meat]
  8780 | D:8      | Lost mutation: Your flesh is cold resistant. (rC+) [mutagenic meat]
  8781 | D:8      | Gained mutation: You are agile. (Dex +2) [mutagenic meat]
  8875 | D:8      | Found a white marble altar of Elyvilon.
  9115 | D:8      | Found a radiant altar of Vehumet.
  9160 | D:8      | Reached skill level 5 in Shields
  9229 | D:8      | Got a jewelled war axe
  9230 | D:8      | Identified the +7 war axe "Dohugo" {flame, rElec rN+ MR+ Stlth+} (You found it on level 8 of the Dungeon)
  9379 | D:9      | Reached skill level 9 in Staves
  9416 | D:9      | Found a staircase to the Lair.
  9585 | D:9      | Reached skill level 1 in Axes
  9670 | D:9      | Found a blossoming altar of Fedhas.
  9741 | D:9      | Reached **** piety under Cheibriados
 10030 | D:9      | Found an oddly glowing altar of Pakellas.
 10391 | D:10     | Entered Level 10 of the Dungeon
 10397 | D:10     | Found a shimmering altar of Xom.
 10502 | D:10     | Reached ***** piety under Cheibriados
 10913 | D:10     | Noticed a hill giant
 10921 | D:10     | Killed a hill giant
 10921 | D:10     | Gained mutation: You are immune to clouds of flame. [demonic ancestry]
 10921 | D:10     | Reached XP level 11. HP: 74/81 MP: 11/11
 10969 | D:10     | Noticed Joseph
 10980 | D:10     | Killed Joseph
 11102 | D:10     | Noticed a hill giant
 11477 | D:11     | Reached skill level 5 in Stealth
 11704 | D:11     | Noticed a deep elf mage
 11711 | D:11     | Killed a deep elf mage
 11711 | D:11     | Reached skill level 10 in Staves
 11775 | D:11     | Identified Calau's Papyrus of Axaxaxas mlö
 11788 | D:11     | Noticed a deep elf mage
 11798 | D:11     | Identified the Papyrus of Dhcmrlchtdj
 11806 | D:11     | Identified the Catalogue of Combed Thunderclap
 11868 | D:11     | Noticed a white ugly thing
 11876 | D:11     | Killed a white ugly thing
 11937 | D:11     | Found a staircase to the Orcish Mines.
 11961 | D:11     | Noticed Psyche
 11971 | D:11     | Killed Psyche
 12260 | D:11     | Noticed a wizard
 12266 | D:11     | Killed a wizard
 12437 | D:12     | Noticed a deep elf mage
 12449 | D:12     | Killed a deep elf mage
 12702 | D:12     | Reached ****** piety under Cheibriados
 12720 | D:12     | Noticed a hill giant
 12721 | D:12     | Noticed a hill giant
 12729 | D:12     | Killed a hill giant
 12732 | D:12     | Noticed a white ugly thing
 12741 | D:12     | Killed a hill giant
 12827 | D:12     | Killed a white ugly thing
 13571 | D:12     | Reached skill level 11 in Staves
 13598 | D:13     | Learned a level 9 spell: Shatter
 13608 | D:13     | Reached XP level 12. HP: 87/89 MP: 12/12
 13652 | D:13     | Noticed a death knight
 13659 | D:13     | Reached skill level 1 in Spellcasting
 13668 | D:13     | Slain by a freezing wraith

Vault maps used:
D:1:      dpeg_arrival_rooms_b, minmay_tall_x
D:2:      lemuel_doored_altar, uniq_natasha
D:3:      nicolae_overflow_crystal_walls, overflow_temple_1_default,
          first_bread, lexackson_kobold_supper, uniq_terence
D:4:      gup_sewer_entry_spiral, minmay_misc_feat_enclosed
D:5:      grunt_temple_overflow_order_and_chaos_1,
          lemuel_coloured_pillars_altar, serial_shops, kennysheep_little_box,
          hangedman_minor_gate_pass
D:6:      old_standard_altar, old_standard_altar,
          eino_small_chamber_without_monster, uniq_edmund
D:7:      minmay_blocky_corners, kennysheep_mini
D:8:      vehumet_crystals, kennysheep_mini_moat, the_bakery
D:9:      marbit_many_paths, johnstein_pakellas_death_squad,
          minmay_lair_entry_lava
D:10:     serial_glass, glass_columns_b, glass_columns_a, glass_columns_a,
          glass_columns_a, glass_columns_a, glass_columns_c, glass_columns_b,
          glass_columns_b, glass_columns_b, glass_columns_a, glass_columns_b,
          glass_columns_a, glass_columns_b, glass_columns_c,
          minmay_misc_feat_pillars, xom_teletrap_fun, uniq_joseph
D:11:     hiddenorc1_lemuel, bh_hangedman_babel_library, uniq_grum, uniq_psyche
D:13:     erik_vaults_1, nicolae_for_you_no_charge
Temple:   compressed_dpeg_triangle_lava_temple
Sewer:    sewer_frog_island_01

Skill      XL: |  1  2  3  4  5  6  7  8  9 10 11 12 |
---------------+-------------------------------------+-----
Staves         | 3 4 5 7 8 9 11 | 11.1
Dodging        | 3 4 5 6 7 8 |  8.7
Armour         | 1 2 3 4 |  4.3
Stealth        | 1 2 3 4 5 |  5.5
Fighting       | 3 4 5 6 |  6.7
Shields        | 1 2 3 4 5 6 |  6.7
Axes           | 2 4 |  4.2
Throwing       | 2 |  2.0
Spellcasting   | 1 |  1.0
Earth Magic    | |  0.3

Action                   |  1- 3 |  4- 6 |  7- 9 | 10-12 || total
-------------------------+-------+-------+-------+-------++-------
Melee: Quarterstaff      |   129 |   246 |   298 |   457 ||  1130
       War axe           |       |       |       |     6 ||     6
Throw: Throwing net      |       |       |       |     2 ||     2
  Use: Scroll            |     6 |     8 |    12 |    12 ||    38
       Potion            |       |       |     6 |     6 ||    12
 Stab: Sleeping          |     2 |     3 |     3 |    20 ||    28
       Distracted        |     1 |       |       |     4 ||     5
  Eat: Chunk             |     2 |     9 |    13 |    22 ||    46
Armor: Leather armour    |    40 |    40 |   103 |   114 ||   297
Dodge: Dodged            |   101 |   152 |   209 |   384 ||   846
